General information
- name: BNet
- type: Ladder team game (AT/RT)
- host: Battle.net
- saver: AbductdByAIiens
map: TwilightRuins
- players: 8
- length: 03:49
- speed: Fast
- version: 1.28 W3XP
- replay type: Public
» download(21 KB)
Players
team 1 (winner)
FahhrmerrReeded (
blue | 26 APM | 98 actions | 03:49)
» actions
| Build / train | 14 | |
| Enter build submenu | 6 | |
| Right click | 27 | |
| Select / deselect | 46 | |
| Use ability | 5 | |
98 total
» units
» buildings
| Moon Well | 2 | |
| Altar of Elders | 1 | |
| Ancient of War | 1 | |
| Hunter's Hall | 1 | |
| Tree of Ages | 2 | |
7 total
» build order
00:19 Moon Well
00:33 Altar of Elders
01:02 Ancient of War
02:14 Hunter's Hall
02:28 Moon Well
02:59 Tree of Ages
Banana (
green | 29 APM | 112 actions | 03:49)
1 Archmage
1 Summon Water Elemental
» actions
| Assign group hotkey | 2 | |
| Build / train | 14 | |
| Enter build submenu | 10 | |
| Enter hero's abilities submenu | 1 | |
| Right click | 32 | |
| Select / deselect | 31 | |
| Select group hotkey | 11 | |
| Use ability | 11 | |
112 total
» units
» buildings
| Altar of Kings | 1 | |
| Farm | 4 | |
| Scout Tower | 1 | |
| Barracks | 1 | |
| Arcane Tower | 1 | |
| Arcane Vault | 1 | |
| Lumber Mill | 1 | |
10 total
» build order
00:06 Altar of Kings
00:14 Farm
01:09 Scout Tower
01:31 Barracks
01:46 Arcane Tower
01:53 Farm
02:29 Arcane Vault
02:38 Farm
03:20 Farm
03:25 Lumber Mill

»
agentknox666 (
teal | 53 APM | 204 actions | 03:49)
1 Mountain King
1 Storm Bolt
» actions
| Build / train | 27 | |
| Enter build submenu | 18 | |
| Enter hero's abilities submenu | 1 | |
| Right click | 78 | |
| Select / deselect | 63 | |
| Use ability | 17 | |
204 total
» units
» buildings
| Altar of Kings | 1 | |
| Barracks | 1 | |
| Farm | 3 | |
| Scout Tower | 4 | |
| Necropolis | 1 | |
| Lumber Mill | 1 | |
| Arcane Tower | 3 | |
| Ziggurat | 1 | |
| Altar of Darkness | 3 | |
| Crypt | 1 | |
| Guard Tower | 3 | |
22 total
» build order
00:10 Altar of Kings
00:16 Barracks
00:37 Farm
01:14 Farm
01:18 Scout Tower
01:47 Necropolis
01:54 Farm
02:05 Lumber Mill
02:08 Scout Tower
02:10 Scout Tower
02:12 Arcane Tower
02:12 Arcane Tower
02:12 Arcane Tower
02:20 Ziggurat
02:38 Altar of Darkness
02:41 Altar of Darkness
02:46 Altar of Darkness
03:00 Crypt
03:06 Scout Tower
03:41 Guard Tower
03:41 Guard Tower
BigolRumproast (
purple | 34 APM | 50 actions | 01:27)
» actions
| Build / train | 2 | |
| ESC pressed | 3 | |
| Enter build submenu | 5 | |
| Right click | 13 | |
| Select / deselect | 18 | |
| Use ability | 9 | |
50 total
» units
» buildings
| Graveyard | 1 | |
| Crypt | 1 | |
| Ziggurat | 1 | |
3 total
» build order
00:19 Graveyard
00:22 Crypt
00:51 Ziggurat
team 2 (loser)
mess (
yellow | 70 APM | 260 actions | 03:43)
1 Far Seer
1 Feral Spirit
» actions
| Assign group hotkey | 8 | |
| Basic commands | 78 | |
| Build / train | 14 | |
| Enter build submenu | 9 | |
| Enter hero's abilities submenu | 1 | |
| Right click | 32 | |
| Select / deselect | 53 | |
| Select group hotkey | 57 | |
| Use ability | 8 | |
260 total
» units
» buildings
| Altar of Storms | 1 | |
| Orc Burrow | 2 | |
| Barracks | 1 | |
| Voodoo Lounge | 1 | |
| Town Hall | 1 | |
6 total
» build order
00:07 Altar of Storms
00:13 Orc Burrow
00:37 Barracks
01:28 Orc Burrow
01:52 Voodoo Lounge
03:39 Town Hall
AbductdByAIiens (
red | 53 APM | 203 actions | 03:49)
1 Archmage
1 Blizzard
» actions
| Assign group hotkey | 2 | |
| Basic commands | 4 | |
| Build / train | 10 | |
| Enter build submenu | 2 | |
| Enter hero's abilities submenu | 1 | |
| Right click | 126 | |
| Select / deselect | 43 | |
| Select group hotkey | 6 | |
| Use ability | 9 | |
203 total
» units
» buildings
» build order
00:20 Altar of Kings
00:22 Farm
U_FOLLOW_iTK_19 (
orange | 55 APM | 171 actions | 03:07)
1 Blood Mage
1 Flame Strike
» actions
| Assign group hotkey | 8 | |
| Basic commands | 5 | |
| Build / train | 13 | |
| Enter build submenu | 7 | |
| Enter hero's abilities submenu | 1 | |
| Right click | 54 | |
| Select / deselect | 49 | |
| Select group hotkey | 22 | |
| Use ability | 12 | |
171 total
» units
» buildings
| Farm | 3 | |
| Barracks | 1 | |
| Altar of Kings | 1 | |
| Scout Tower | 1 | |
6 total
» build order
00:21 Farm
00:36 Barracks
00:39 Farm
00:42 Altar of Kings
01:40 Farm
01:50 Scout Tower

»
huh86rfjo (
pink | 23 APM | 76 actions | 03:21)
» actions
| Basic commands | 9 | |
| Build / train | 14 | |
| Enter build submenu | 6 | |
| Right click | 1 | |
| Select / deselect | 35 | |
| Use ability | 11 | |
76 total
» units
» buildings
| Orc Burrow | 3 | |
| War Mill | 1 | |
| Altar of Storms | 1 | |
| Barracks | 1 | |
6 total
» build order
00:23 Orc Burrow
00:42 War Mill
00:54 Altar of Storms
01:39 Barracks
01:54 Orc Burrow
02:10 Orc Burrow
Chat log
(01:05 / All) agentknox666: :)
(01:17 / All) BigolRumproast: GG
(01:18 / All) BigolRumproast: <3
(01:31 / All) agentknox666: purp uninstalled
(01:34 / All) agentknox666: hes lame
(02:13 / Allies) mess: this looks bad
(03:05 / Allies) U_FOLLOW_iTK_19: mad?
(03:09 / All) AbductdByAIiens: CRYMORE CRYMORE CRYMORE
(03:10 / All) AbductdByAIiens: lol
(03:15 / All) AbductdByAIiens: crymore got gotted!